 Dungeon Crawl Stone Soup version 0.28-a0-969-g2dcde036d2 (webtiles) character file.

Game seed: 11261504772478267526

239751 Glundar the Peltast (level 19, -5/139 HPs)
             Began as a Gargoyle Fighter on Nov 30, 2021.
             Was the Champion of Okawaru.
             Slain by an azure jelly (25 damage)
             ... on level 1 of the Pits of Slime on Dec 1, 2021.
             The game lasted 03:38:24 (46720 turns).

Glundar the Peltast (Gargoyle Fighter)             Turns: 46720, Time: 03:38:26

Health: -5/139     AC: 48    Str: 33    XL:     19   Next: 30%
Magic:  24/28      EV:  7    Int: 16    God:    Okawaru [******]
Gold:   3594       SH: 14    Dex:  9    Spells: 18/18 levels left

rFire   . . .      SeeInvis .   a - +6 war axe of Okawaru's Favour {vorpal, Will+ Str-4 Int+9}
rCold   . . .      Faith    .   R - +2 kite shield {reflect}
rNeg    + . .      Spirit   .   i - +2 crystal plate armour
rPois   ∞          Reflect  +   y - +2 hat
rElec   +          Harm     .   G - +0 cloak
rCorr   +          Rampage  .   Z - +1 pair of gloves {infuse}
Will    ++...      Rage     1%  Q - +0 pair of boots
Stlth   ..........              C - amulet of Vitality {Regen+ HP+15}
HPRegen 1.13/turn               l - +6 ring of strength
MPRegen 0.21/turn               I - ring "Dononin" {rCorr Str+4}

@: flying
A: sickness immunity, AC +14, big wings, negative energy resistance 1,
electricity resistance, torment resistance 1, petrification resistance, berserk
1, dopey 1, no potion heal 1
}: 2/15 runes: decaying, serpentine
a: Renounce Religion, Heroism, Finesse, Duel


You were on level 1 of the Pits of Slime.
You worshipped Okawaru.
Okawaru was exalted by your worship.
You visited 7 branches of the dungeon, and saw 34 of its levels.
You also visited: Bailey and Ice Cave.

You collected 4789 gold pieces.
You spent 1195 gold pieces at shops.

Inventory:

Hand Weapons
 a - the +6 war axe of Okawaru's Favour (weapon) {vorpal, Will+ Str-4 Int+9}
   (Okawaru gifted it to you on level 11 of the Dungeon)

   It inflicts extra damage upon your enemies.
   Str:       It affects your strength (-4).
   Int:       It affects your intelligence (+9).
   Will:      It increases your willpower.
 b - the +9 hunting sling of Tartarus {vorpal, rC- Will+ rCorr}
   (Okawaru gifted it to you on level 15 of the Dungeon)

   Any ammunition fired from it inflicts extra damage upon your enemies.
   rC:        It makes you vulnerable to cold.
   rCorr:     It protects you from acid and corrosion.
   Will:      It increases your willpower.
 v - the +4 war axe "Itzufo" {flame, rElec rPois SInv Stlth-}
   (You found it on level 6 of the Dungeon)

   It burns those it strikes, dealing additional fire damage.
   Big, fiery blades are also staple armaments of hydra-hunters.
   rElec:     It insulates you from electricity.
   rPois:     It protects you from poison.
   SInv:      It lets you see invisible.
   Stlth:     It makes you less stealthy.
 L - the +5 falchion of the Ten Bones {protect, +Blink Fly rF+ rC++ Str-2}
   (You found it on level 4 of the Lair of Beasts)

   It grants its wielder temporary protection when it strikes (+7 to AC).
   Str:       It affects your strength (-2).
   rF:        It protects you from fire.
   rC:        It greatly protects you from cold.
   Fly:       It grants you flight.
   +Blink:    It lets you blink.
Missiles
 j - 113 poisoned darts (quivered)
 o - 3 throwing nets
 S - 160 sling bullets
 Y - 10 atropa-tipped darts
Armour
 i - a +2 crystal plate armour (worn)
 y - a +2 hat (worn)
 D - a +2 chain mail of fire resistance
 G - a +0 cloak (worn)
 Q - a +0 pair of boots (worn)
 R - a +2 kite shield of reflection (worn)
 Z - a +1 pair of gloves of infusion (worn)
Jewellery
 c - a ring of ice
 e - the ring "Askeyhyo" {EV+4 Str+3}
   (You found it on level 15 of the Dungeon)

   [ring of evasion]

   EV:        It affects your evasion (+4).
   Str:       It affects your strength (+3).
 l - a +6 ring of strength (left hand)
 C - the amulet of Vitality (around neck) {Regen+ HP+15}
   (You found it on level 5 of the Lair of Beasts)

   [amulet of regeneration]

   HP:        It affects your health (+15).
   Regen:     It increases your rate of health regeneration.
 H - a ring of positive energy
 I - the ring "Dononin" (right hand) {rCorr Str+4}
   (You acquired it on level 1 of the Swamp)

   [ring of resist corrosion]

   Str:       It affects your strength (+4).
   rCorr:     It protects you from acid and corrosion.
 T - the ring "Pygh" {Fire rElec}
   (You found it on level 9 of the Dungeon)

   [ring of fire]

   It enhances your fire magic.
   rF:        It protects you from fire.
   rC:        It makes you vulnerable to cold.
   rElec:     It insulates you from electricity.
Wands
 h - a wand of paralysis (12)
 p - a wand of mindburst (56)
 r - a wand of polymorph (21)
 O - a wand of acid (29)
 X - a wand of flame (36)
Scrolls
 d - 2 scrolls of identify
 g - a scroll of magic mapping
 m - 2 scrolls of holy word
 n - 3 scrolls of fear
 q - 12 scrolls of teleportation
 t - 7 scrolls of immolation
 u - 5 scrolls of fog
 w - 5 scrolls of enchant armour
 x - 3 scrolls of enchant weapon
 F - 7 scrolls of blinking
 N - 2 scrolls of brand weapon
Potions
 f - a potion of berserk rage
 k - 4 potions of haste
 s - 3 potions of might
 z - 4 potions of heal wounds
 A - 7 potions of invisibility
 B - 7 potions of curing
 E - a potion of ambrosia
 J - 8 potions of mutation
 K - 6 potions of lignification
 M - 4 potions of cancellation
 U - a potion of resistance
 V - 11 potions of brilliance
Miscellaneous
 P - a piece from Xom's chessboard (15/15)
 W - a tin of tremorstones (2/2)


   Skills:
 + Level 15.1 Fighting
 + Level 12.7 Axes
 + Level 10.9 Slings
 - Level 4.1 Bows
 + Level 15.0 Armour
 + Level 15.1 Shields
 + Level 12.5 Invocations
 + Level 11.9 Evocations


You had 18 spell levels left.
You didn't know any spells.
Your spell library contained the following spells:

 Spells                   Type           Power      Damage    Failure   Level
 Apportation              Tloc           0%         N/A       97%         1
 Magic Dart               Conj           0%         1d3       97%         1
 Pain                     Necr           0%         1d4       97%         1
 Sandblast                Erth           0%         2d4       97%         1
 Shock                    Conj/Air       0%         1d3       97%         1
 Sting                    Tmut/Pois      0%         1d3       97%         1
 Blink                    Tloc           0%         N/A       99%         2
 Passwall                 Tmut/Erth      0%         N/A       99%         2
 Poisonous Vapours        Pois/Air       0%         N/A       99%         2
 Searing Ray              Conj           0%         2d4       99%         2
 Static Discharge         Conj/Air       0%         N/A       99%         2
 Wereblood                Tmut           0%         N/A       99%         2
 Frozen Ramparts          Ice            0%         1d2       100%        3
 Gell's Gravitas          Tloc           0%         N/A       100%        3
 Lesser Beckoning         Tloc           0%         N/A       100%        3
 Ozocubu's Armour         Ice            0%         N/A       100%        3
 Portal Projectile        Hex/Tloc       0%         N/A       100%        3
 Stone Arrow              Conj/Erth      0%         3d7       100%        3
 Swiftness                Air            0%         N/A       100%        3
 Teleport Other           Tloc           0%         N/A       100%        3
 Airstrike                Air            0%         N/A       100%        4
 Fulminant Prism          Conj/Hex       0%         3d6       100%        4
 Hailstorm                Conj/Ice       0%         3d3       100%        4
 Ice Form                 Ice/Tmut       0%         N/A       100%        4
 Olgreb's Toxic Radiance  Pois           0%         N/A       100%        4
 Petrify                  Tmut/Erth      0%         N/A       100%        4
 Agony                    Necr           0%         N/A       100%        5
 Blade Hands              Tmut           0%         N/A       100%        5
 Excruciating Wounds      Necr           0%         N/A       100%        5
 Fireball                 Conj/Fire      0%         3d3       100%        5
 Freezing Cloud           Conj/Ice/Air   0%         6-21      100%        5
 Iskenderun's Battlesphe  Conj           0%         2d6       100%        5
 Lightning Bolt           Conj/Air       0%         1d11      100%        5
 Manifold Assault         Tloc           0%         N/A       100%        5
 Metabolic Englaciation   Hex/Ice        0%         N/A       100%        5
 Conjure Ball Lightning   Conj/Air       0%         3x3d6     100%        6
 Dispersal                Tloc           0%         N/A       100%        6
 Iron Shot                Conj/Erth      0%         9d1       100%        6
 Orb of Destruction       Conj           0%         N/A       100%        7
 Ozocubu's Refrigeration  Ice            0%         4d5       100%        7
 Storm Form               Tmut/Air       0%         N/A       100%        7
 Ignition                 Fire           0%         3d3       100%        8
 Maxwell's Capacitive Co  Air            0%         ∞         100%        8
 Chain Lightning          Conj/Air       0%         N/A       100%        9
 Shatter                  Erth           0%         3d5*      100%        9
 Animate Skeleton         Necr           Unusable   N/A       N/A         1
 Summon Small Mammal      Summ           Unusable   N/A       N/A         1
 Sublimation of Blood     Necr           Unusable   N/A       N/A         2
 Summon Ice Beast         Ice/Summ       Unusable   N/A       N/A         4
 Summon Mana Viper        Hex/Summ       Unusable   N/A       N/A         5
 Simulacrum               Ice/Necr       Unusable   N/A       N/A         6
 Statue Form              Tmut/Erth      Unusable   N/A       N/A         6
 Monstrous Menagerie      Summ           Unusable   N/A       N/A         7
 Spellforged Servitor     Conj/Summ      Unusable   N/A       N/A         7
 Summon Hydra             Summ           Unusable   N/A       N/A         7

Dungeon Overview and Level Annotations

Branches:
Dungeon (15/15)            Temple (1/1) D:6            Lair (6/6) D:10
  Swamp (4/4) Lair:4        Snake (4/4) Lair:3        Slime (2/5) Lair:5
    Orc (2/2) D:11            Elf (0/3) Orc:2        Vaults (0/5) D:14
 Depths (0/4) D:15         Bailey (visited)           IceCv (visited)

Altars:
Ashenzari
Cheibriados
Dithmenos
Elyvilon
Fedhas
Gozag
Hepliaklqana
Kikubaaqudgha
Makhleb
Nemelex Xobeh
Okawaru
Qazlal
Ru
Sif Muna
Trog
Uskayaw
Vehumet
Wu Jian
Xom
Yredelemnul
Zin
The Shining One
Beogh
Jiyva

Shops:
D:2 =   D:6 *   D:15 [   Orc:2 ([*:

Portals:
Trove: D:11 (give 15 scrolls of teleportation)


Innate Abilities, Weirdness & Mutations

You are immune to sickness and miasma.
Your stone body is resilient. (AC +14)
You are immune to poison.
Your large and strong wings let you fly.
You resist negative energy. (rN+)
You are resistant to electric shocks. (rElec)
You are resistant to unholy torment.
You are immune to petrification.
You tend to lose your temper in combat.
You are dopey. (Int -2)
Potions are less effective at restoring your health.


Message History

There is a stone staircase leading up here.
The golden eye turns its gaze towards you.
The azure jelly hits you but does no damage. x2
The azure jelly barely misses you.
The azure jelly hits you but does no damage.
The golden eye blinks at you. You resist with almost no effort.
You fly upwards.
There is a stone staircase leading down here.
You are too confused!
You are too confused!
You are too confused!
You're too confused to move!
The azure jelly closely misses you.
The azure jelly hits you but does no damage. x3
The azure jelly hits you. The azure jelly freezes you!!
The azure jelly hits you but does no damage. x3
The azure jelly closely misses you. The azure jelly barely misses you.
The azure jelly hits you but does no damage.
The azure jelly barely misses you.
The azure jelly hits you but does no damage. x4
The eye of devastation gazes at you. The bolt of energy hits you!!
* * * LOW HITPOINT WARNING * * *
Your system partially rejects the healing.
You feel better. The azure jelly barely misses you.
You block the azure jelly's attack. The azure jelly barely misses you.
The azure jelly completely misses you.
Drinking this now will have no effect.
The eye of devastation gazes at you. The bolt of energy hits you.
* * * LOW HITPOINT WARNING * * *
You block the azure jelly's attack.
The azure jelly hits you but does no damage. x3
You slash the eye of devastation!
The eye of devastation is moderately wounded.
You completely miss the azure jelly. You block the azure jelly's attack.
The azure jelly hits you!
* * * LOW HITPOINT WARNING * * *
The azure jelly freezes you!!
You die...

.....# ###....###.#.##
.##.## #####.............#
#.#.######..#.............#
.......#.....#...........##
#...................###.##
...................######
....................##.##
...###..............#...#
...###.....#....@J......#
#.###....#.##...G>.....###
####...................#.#
##.......#.##.............#
#.......#####.......#..#.##
##.###### ##.........#####
##.## #...##.....## #...#
##.##.......## #..##
##.#....#.#.##


You could see an azure jelly and an eye of devastation.

Vanquished Creatures
  Vashnia (Snake:4)
  Jorgrun (Snake:1)
  Rupert (Orc:2)
  4 acid blobs
  Frances (Snake:2)
  A thorn hunter (Swamp:4)
  Agnes (Snake:3)
  Roxanne (Snake:1)
  4 nagarajas
  An azure jelly (Slime:1)
  A rockslime (Slime:1)
  2 orc warlords
  Aizul (Snake:1)
  2 quicksilver oozes (Slime:1)
  Nessos (Orc:2)
  8 eleionomae
  A minotaur (Lair:1)
  5 bunyips
  A shambling mangrove (Swamp:4)
  A great orb of eyes (Slime:1)
  3 boulder beetles
  12 naga warriors
  4 salamander tyrants
  24 hydras
  An ice dragon (IceCv)
  An ogre mage (D:11)
  A ghost crab (Swamp:3)
  The ghost of Loefaen the Arsonist, a journeyman HuCA of Ignis (D:9)
  A merfolk avatar (Lair:6)
  3 catoblepae
  4 centaur warriors
  5 two-headed ogres
  2 dancing weapons (D:14)
  4 anacondas
  10 alligators
  11 death yaks
  16 naga sharpshooters
  A spriggan berserker (Swamp:1)
  Urug (D:11)
  Nergalle (D:9)
  3 shock serpents
  4 orc high priests
  3 salamander mystics
  2 goliath frogs (Swamp:3)
  3 sea snakes (Lair:6)
  5 skeletal warriors (D:15)
  2 spriggan druids
  13 swamp dragons
  A shadow dragon zombie (D:15)
  2 naga ritualists
  3 necromancers
  3 orc knights
  2 lindwurms (Lair:3)
  A harpy (Lair:6)
  A phantasmal warrior (D:15)
  3 shining eyes (Slime:1)
  7 orc sorcerers
  6 manticores
  4 cyclopes
  3 mana vipers
  3 will-o-the-wisps
  11 elephants
  5 salamanders
  A frost giant skeleton (D:15)
  3 guardian serpents
  15 black mambas
  2 ice statues (IceCv)
  13 naga magi
  2 spriggan skeletons
  An eye of devastation (Slime:1)
  2 gargoyles (D:12)
  6 komodo dragons
  8 cane toads
  8 rime drakes
  2 unseen horrors
  A freezing wraith (D:15)
  A rime drake (shapeshifter) (D:13)
  3 yaktaurs (D:15)
  7 trolls
  A hornet (shapeshifter) (D:13)
  4 polar bears
  2 wind drakes (Lair:6)
  5 tyrant leeches
  6 hornets
  Grinder (D:3)
  An ettin zombie (D:15)
  A death drake skeleton (Swamp:1)
  25 slime creatures
  15 blink frogs
  A snapping turtle (Lair:6)
  3 shadows
  4 spriggans (Swamp:1)
  6 wyverns
  A water elemental (D:13)
  3 wraiths
  47 yaks
  4 basilisks
  18 vampire mosquitoes
  10 golden eyes
  4 steam dragons
  44 nagas
  3 wargs
  16 swamp worms
  15 water moccasins
  48 orc warriors
  9 swamp drakes
  5 black bears
  A spriggan simulacrum (Swamp:1)
  4 ice beasts (D:9)
  4 necrophages
  13 centaurs
  3 wolves (Lair:5)
  8 ogres
  4 kobold brigands
  A phantom (D:4)
  3 gnoll sergeants
  12 bullfrogs
  2 scorpions
  A wyvern zombie (D:8)
  A water moccasin zombie (D:6)
  A water moccasin skeleton (D:5)
  10 killer bees
  4 lindwurm simulacra (IceCv)
  8 wights
  8 electric eels (D:13)
  A howler monkey (D:14)
  3 centaur zombies
  6 komodo dragon simulacra (IceCv)
  2 hounds (D:6)
  3 centaur skeletons (D:7)
  29 orc priests
  A jelly (D:7)
  3 bullfrog skeletons
  2 iguanas
  21 orc wizards
  2 polar bear simulacra (Lair:6)
  2 yak simulacra (Lair:6)
  A wolf simulacrum (Lair:6)
  A killer bee zombie (D:6)
  2 centaur simulacra (D:9)
  A hound zombie (D:5)
  A hound skeleton (D:5)
  5 acid dragon simulacra (IceCv)
  5 adders
  14 gnolls
  5 white imps
  A howler monkey simulacrum (D:9)
  6 steam dragon simulacra (IceCv)
  An adder skeleton (D:4)
  4 worms
  5 dart slugs
  53 orcs
  6 ball pythons
  6 endoplasms
  A giant cockroach (D:3)
  16 goblins
  5 hobgoblins
  6 jackals (D:1)
  4 quokkas
  6 bats
  2 frilled lizards (D:3)
  9 kobolds
  10 rats
  6 river rat simulacra (Lair:6)
957 creatures vanquished.

Vanquished Creatures (others)
  A swamp dragon (Swamp:3)
  A deep elf pyromancer (D:13)
  A naga mage (Snake:4)
  A bloated husk (Swamp:2)
  An orc (Orc:1)
  2 briar patches (Swamp:4)
  A bush (Lair:4)
  26 foxfires
  42 fungi
  77 plants
  A withered plant (D:15)
154 creatures vanquished.

Grand Total: 1111 creatures vanquished

Notes
Turn   | Place    | Note
-------+----------+-------------------------------------------
     0 | D:1      | Glundar the Gargoyle Fighter began the quest for the Orb.
     0 | D:1      | Reached XP level 1. HP: 14/14 MP: 1/1
   246 | D:1      | Reached XP level 2. HP: 19/19 MP: 2/2
   567 | D:1      | Reached XP level 3. HP: 24/24 MP: 3/3
   604 | D:1      | Found a faded altar of an unknown god.
   949 | D:2      | Reached XP level 4. HP: 29/29 MP: 4/4
  1175 | D:2      | Reached XP level 5. HP: 33/33 MP: 5/5
  1248 | D:2      | Found Olucedgh's Jewellery Boutique.
  1660 | D:3      | Found a shadowy altar of Dithmenos.
  1670 | D:3      | Found a white marble altar of Elyvilon.
  1854 | D:4      | Identified the +2 tower shield "Nuafod" {+Blink}
  2216 | D:3      | Found a burning altar of Makhleb.
  2216 | D:3      | Noticed an Executioner
  2219 | D:3      | Noticed an orange demon
  2219 | D:3      | Noticed a hellwing
  2242 | D:3      | Noticed Grinder
  2322 | D:3      | Killed Grinder
  2323 | D:3      | Reached skill level 5 in Fighting
  2323 | D:3      | Reached skill level 5 in Shields
  2323 | D:3      | Reached XP level 6. HP: 36/40 MP: 6/6
  2544 | D:5      | Entered Level 5 of the Dungeon
  2561 | D:4      | Noticed a wyvern
  2571 | D:4      | Killed a wyvern
  2572 | D:4      | Reached skill level 5 in Armour
  2572 | D:4      | Reached XP level 7. HP: 34/44 MP: 7/7
  2793 | D:4      | Found an iron altar of Okawaru.
  2810 | D:4      | Became a worshipper of Warmaster Okawaru
  3100 | D:4      | Reached skill level 1 in Evocations
  3100 | D:4      | Reached XP level 8. HP: 51/51 MP: 8/8
  3309 | D:6      | Noticed a two-headed ogre
  3662 | D:5      | Reached * piety under Okawaru
  3766 | D:5      | Noticed a komodo dragon
  3790 | D:5      | Killed a komodo dragon
  4036 | D:6      | Identified the +4 war axe "Itzufo" {flame, rElec rPois SInv
                  | Stlth-}
  4094 | D:6      | Reached XP level 9. HP: 56/56 MP: 9/9
  4123 | D:6      | Reached skill level 5 in Axes
  4148 | D:6      | HP: 2/56 [two-headed ogre (19)]
  4352 | D:6      | Reached ** piety under Okawaru
  4456 | D:6      | Reached skill level 1 in Bows
  4585 | D:6      | Found a staircase to the Ecumenical Temple.
  4603 | Temple   | Entered the Ecumenical Temple
  5036 | D:6      | Found Xerroirgh's CLEARANCE SALE!.
  5048 | D:6      | Bought a potion of heal wounds for 25 gold pieces
  5350 | D:7      | Reached *** piety under Okawaru
  5376 | D:7      | Reached XP level 10. HP: 64/64 MP: 10/10
  6027 | D:8      | Received a gift from Okawaru
  6952 | D:10     | Entered Level 10 of the Dungeon
  7048 | D:9      | Reached **** piety under Okawaru
  7071 | D:9      | Found a blossoming altar of Fedhas.
  7071 | D:9      | Found a glowing golden altar of the Shining One.
  7071 | D:9      | Found a basalt altar of Yredelemnul.
  7136 | D:9      | Found a runed translucent gate.
  7136 | D:9      | Found a runed translucent gate.
  7136 | D:9      | Found a runed translucent gate.
  7232 | D:9      | Noticed Loefaen's ghost (journeyman HuCA)
  7266 | D:9      | Received a gift from Okawaru
  7279 | D:9      | Reached skill level 5 in Evocations
  7658 | D:9      | Killed Loefaen's ghost
  7659 | D:9      | Reached skill level 1 in Slings
  7659 | D:9      | Reached XP level 11. HP: 59/69 MP: 11/11
  7684 | D:9      | Identified the ring "Pygh" {Fire rElec}
  7769 | D:11     | Found a portal to a secret trove of treasure.
  7782 | D:11     | Noticed Nergalle
  7860 | D:9      | Killed Nergalle
  7860 | D:9      | Reached ***** piety under Okawaru
  8003 | D:10     | Found a staircase to the Lair.
  8426 | D:10     | Found a sparkling altar of Nemelex Xobeh.
  8521 | D:10     | Noticed a two-headed ogre
  8583 | D:10     | Killed a two-headed ogre
  8584 | D:10     | Reached skill level 1 in Invocations
  8729 | Lair:1   | Entered Level 1 of the Lair of Beasts
  8969 | Lair:1   | Received a gift from Okawaru
  9237 | Lair:1   | Found a shimmering blue altar of Sif Muna.
  9332 | Lair:1   | Found a runed translucent door.
  9403 | Lair:1   | Noticed a minotaur
  9417 | Lair:1   | Killed a minotaur
 10224 | Lair:2   | Reached XP level 12. HP: 42/76 MP: 0/14
 10345 | Lair:2   | You fall into a shaft and drop 2 floors!
 11178 | Lair:2   | Noticed a catoblepas
 11204 | Lair:2   | Killed a catoblepas
 11848 | Lair:3   | Noticed an eight-headed hydra
 11855 | Lair:3   | Reached skill level 10 in Shields
 11856 | Lair:3   | Killed a three-headed hydra
 11856 | Lair:3   | Received a gift from Okawaru
 11857 | Lair:3   | Reached skill level 10 in Fighting
 12050 | Lair:3   | Reached skill level 10 in Armour
 12181 | Lair:3   | Identified the +5 halberd of Mutilation {venom, rF+ Str+4}
 12187 | Lair:3   | Found a staircase to the Snake Pit.
 12729 | Lair:3   | Noticed a six-headed hydra
 12736 | Lair:3   | Killed a one-headed hydra
 12969 | Lair:4   | Found a staircase to the Swamp.
 13152 | Lair:4   | Reached skill level 5 in Invocations
 13280 | Lair:4   | Identified the +5 falchion of the Ten Bones {protect,
                  | +Blink Fly rF+ rC++ Str-2}
 13420 | Lair:4   | Noticed a death yak
 13421 | Lair:4   | Noticed a death yak
 13421 | Lair:4   | Noticed a death yak
 13422 | Lair:4   | Noticed a death yak
 13428 | Lair:4   | Noticed a death yak
 13445 | Lair:4   | Killed a death yak
 13446 | Lair:4   | Reached skill level 5 in Slings
 13457 | Lair:4   | Killed a death yak
 13461 | Lair:4   | Killed a death yak
 13462 | Lair:4   | Reached XP level 13. HP: 58/83 MP: 0/17
 13470 | Lair:4   | Received a gift from Okawaru
 14361 | Lair:6   | Entered Level 6 of the Lair of Beasts
 14370 | Lair:6   | Found a frozen archway.
 14377 | IceCv    | Entered an ice cave
 14830 | IceCv    | Received a gift from Okawaru
 15339 | IceCv    | Noticed an ice dragon
 15396 | IceCv    | Killed an ice dragon
 16101 | Lair:4   | Received a gift from Okawaru
 16669 | Lair:5   | Found the amulet of Vitality {Regen+ HP+15}
 17433 | Lair:5   | Gained mutation: Your large and strong wings let you fly.
                  | [Gargoyle growth]
 17433 | Lair:5   | Reached XP level 14. HP: 85/90 MP: 11/19
 17498 | Lair:5   | Found a viscous altar of Jiyva.
 17498 | Lair:5   | Found a staircase to the Slime Pits.
 18455 | Lair:6   | Reached ****** piety under Okawaru
 19171 | Lair:6   | Received a gift from Okawaru
 20326 | D:11     | Noticed Urug
 20337 | D:11     | Killed Urug
 20972 | D:11     | Received a gift from Okawaru
 21156 | D:11     | Found a staircase to the Orcish Mines.
 21176 | D:11     | Reached skill level 10 in Axes
 21407 | D:11     | Identified the +6 war axe of Okawaru's Favour {vorpal,
                  | Will+ Str-4 Int+9} (Okawaru gifted it to you on level 11 of
                  | the Dungeon)
 21407 | D:11     | Received a gift from Okawaru
 22064 | D:12     | Reached XP level 15. HP: 96/96 MP: 8/21
 24333 | D:13     | Upgraded the game from 0.28-a0-948-gee6e0bcda6 to
                  | 0.28-a0-969-g2dcde036d2
 24438 | D:14     | Found a gate to the Vaults.
 24584 | D:15     | Entered Level 15 of the Dungeon
 24593 | D:15     | Found Enkuonis's Armour Emporium.
 24600 | D:15     | Identified the +9 hunting sling of Tartarus {vorpal, rC-
                  | Will+ rCorr} (Okawaru gifted it to you on level 15 of the
                  | Dungeon)
 24600 | D:15     | Received a gift from Okawaru
 24609 | D:15     | Bought a +3 plate armour of fire resistance for 630 gold
                  | pieces
 25299 | D:15     | Identified the ring "Askeyhyo" {EV+4 Str+3}
 25365 | D:15     | Found a staircase to the Depths.
 26026 | D:15     | Reached XP level 16. HP: 103/103 MP: 21/23
 26376 | D:15     | Found Enkuonis's Armour Emporium.
 26397 | D:15     | Found a staircase to the Depths.
 26866 | Orc:1    | Entered Level 1 of the Orcish Mines
 26941 | D:11     | Paralysed by something for 4 turns
 27101 | Orc:1    | Found a flagged portal.
 27107 | Bailey   | Entered a bailey
 27246 | Bailey   | Received a gift from Okawaru
 27858 | Orc:2    | Entered Level 2 of the Orcish Mines
 27858 | Orc:2    | Found a staircase to the Elven Halls.
 28609 | Orc:2    | Noticed Rupert
 28613 | Orc:2    | Paralysed by Rupert for 7 turns
 28634 | Orc:2    | Killed Rupert
 29221 | Orc:1    | Reached skill level 10 in Evocations
 29288 | Orc:2    | Noticed Nessos
 29293 | Orc:2    | Killed Nessos
 29657 | Orc:2    | Found Bastreppi's General Store.
 29657 | Orc:2    | Found Tucw's Book Emporium.
 29658 | Orc:2    | Found Biafesoq's Antique Armour Shoppe.
 29669 | Orc:2    | Found Xicheph's Antique Weapon Shoppe.
 29952 | Orc:2    | Gained mutation: Potions are less effective at restoring
                  | your health. [a neqoxec]
 29956 | Orc:2    | Gained mutation: You tend to lose your temper in combat. [a
                  | neqoxec]
 30217 | Orc:2    | Reached skill level 10 in Invocations
 30268 | Orc:2    | Reached XP level 17. HP: 109/109 MP: 7/24
 30431 | Orc:2    | Found the +8 frozen axe "Frostbite" {freezing cloud, *Noise
                  | Fly rC+}
 30694 | Orc:2    | Received a gift from Okawaru
 31059 | Snake:1  | Entered Level 1 of the Snake Pit
 31475 | Snake:1  | Noticed Jorgrun
 31507 | Snake:1  | Killed Jorgrun
 31763 | Snake:1  | Identified Roxanne's Papyrus of the Rocks
 31763 | Snake:1  | Noticed Roxanne
 31840 | Snake:1  | Noticed Aizul
 31855 | Snake:1  | Killed Aizul
 32669 | Snake:1  | Killed Roxanne
 33271 | Snake:2  | Noticed Frances
 33289 | Snake:2  | Killed Frances
 34109 | Snake:4  | Entered Level 4 of the Snake Pit
 34109 | Snake:4  | Noticed Vashnia
 34688 | Snake:3  | Identified the +5 ring mail of the Storm King {rN+}
 34820 | Snake:3  | Found a white marble altar of Elyvilon.
 34845 | Snake:3  | Noticed Agnes
 34870 | Snake:3  | Killed Agnes
 35007 | Snake:3  | Found Izu Jiug's Magic Scroll Shop.
 35135 | Snake:3  | Bought a scroll of identify for 38 gold pieces
 35135 | Snake:3  | Bought a scroll of identify for 38 gold pieces
 35135 | Snake:3  | Bought a scroll of identify for 38 gold pieces
 35156 | Snake:3  | Bought a scroll of blinking for 142 gold pieces
 35156 | Snake:3  | Bought a scroll of immolation for 66 gold pieces
 35156 | Snake:3  | Bought a scroll of teleportation for 57 gold pieces
 35156 | Snake:3  | Bought a scroll of fog for 38 gold pieces
 35156 | Snake:3  | Bought a scroll of immolation for 66 gold pieces
 35156 | Snake:3  | Bought a scroll of teleportation for 57 gold pieces
 35406 | Snake:4  | Received a gift from Okawaru
 36203 | Snake:4  | Killed Vashnia
 36994 | Snake:4  | Reached XP level 18. HP: 101/116 MP: 17/26
 37582 | Snake:4  | Received a gift from Okawaru
 38107 | Snake:4  | Got a serpentine rune of Zot
 38200 | Snake:4  | Reached skill level 10 in Slings
 38459 | Slime:1  | Entered Level 1 of the Pits of Slime
 38542 | Swamp:1  | Entered Level 1 of the Swamp
 38636 | Swamp:1  | Received a gift from Okawaru
 39636 | Swamp:1  | Identified a scroll of acquirement
 39638 | Swamp:1  | Acquired the ring "Dononin" {rCorr Str+4}
 41150 | Swamp:4  | Entered Level 4 of the Swamp
 41435 | Swamp:3  | Received a gift from Okawaru
 42174 | Swamp:4  | Received a gift from Okawaru
 42873 | Swamp:4  | Got Cauneryx's Disquisition on Aerial Changing
 43445 | Swamp:4  | Reached XP level 19. HP: 117/123 MP: 18/28
 43501 | Swamp:4  | Got a decaying rune of Zot
 43620 | Swamp:4  | Reached skill level 15 in Shields
 44201 | Slime:1  | Received a gift from Okawaru
 44232 | Slime:1  | HP: 1/138 [acid (21)]
 44711 | Slime:1  | Reached skill level 15 in Fighting
 45021 | Slime:1  | Reached skill level 15 in Armour
 45125 | Slime:1  | Identified the +2 ice dragon scales of Submission {rF- rC++
                  | MP+9 Dex+5} (Okawaru gifted it to you on level 1 of the
                  | Pits of Slime)
 45125 | Slime:1  | Received a gift from Okawaru
 45512 | Slime:2  | Gained mutation: You are dopey. (Int -2) [a shining eye]
 46720 | Slime:1  | Slain by an azure jelly

Illustrated notes

Levels and vault maps discovered:
D:1:      heliophobic_arrival_ceremonial_halls, layout_basic,
          dreamdust_ecumenical_altar_statues
D:2:      layout_loops_ring, serial_shops, shop
D:3:      cheibrodos_helix_gallery, layout_loops_ring,
          makhleb_altar_promises_db, nicolae_overflow_squiral, uniq_grinder
D:4:      layout_loops_ring, kennysheep_flooded_box
D:5:      black_bear_nest_1, layout_gridville, minmay_holes,
          kennysheep_generic_room_3
D:6:      layout_basic, minmay_temple_entry_slanted, nicolae_shop_clearance
D:7:      layout_basic
D:8:      layout_loops_corners, hellmonk_bongcloud_opening
D:9:      layout_rooms, gammafunk_temple_overflow_claw, gammafunk_ghost_icy
D:10:     layout_stronghold, nemelex_spade_bored_becter,
          grunt_lair_entry_orc_guard_hut
D:11:     layout_cave_pools, kennysheep_orc_monster_closet_entryway,
          nicolae_trove_entry_free_sample, uniq_nergalle, uniq_urug
D:12:     layout_loops_ring
D:13:     layout_basic
D:14:     layout_cave_pools, erik_vaults_1, hangedman_decor_points,
          chequers_arboretum
D:15:     gammafunk_depths_entry_grave, layout_small_grid, minmay_crystal_room,
          serial_shops, nicolae_shop_hallway_stairs, minmay_misc_feat_alley
Temple:   regret_index_temple_generic_petals
Lair:1:   dreamdust_labyrinth, layout_cave_pods, lemuel_centaur_altar,
          infiniplex_staircase_pool, grunt_megastairs_3
Lair:2:   layout_regular_city
Lair:3:   layout_chaotic_city, guppyfry_snake_entry_island,
          nicolae_lair_lil_pond, nicolae_lair_grove_arrangements,
          nicolae_lair_lindhole
Lair:4:   layout_concentric_octagons, minmay_swamp_entry_worms, st_stairs_8,
          beast_lair_carwin_8
Lair:5:   layout_concentric_octagons, dpeg_slime_entry_enclosed_altar
Lair:6:   gammafunk_lair_ancient_temple, layout_long_grid, portal_ice_cave_rime,
          eino_house_with_fridge
Swamp:1:  layout_basic_swamp, evilmike_swamp_ruin_wall, grunt_hermit_hut
Swamp:2:  layout_basic_swamp, serial_swamp_ruin, evilmike_swamp_ruin_house_5,
          evilmike_swamp_ruin_rubble_2, hangedman_swamp_pad,
          infiniplex_staircase_pool_2
Swamp:3:  layout_falls_marsh, nicolae_swamp_ascending_descending_big
Swamp:4:  swamp, layout_basic_swamp, nicolae_swamp_triple_paths, swamp_pool3
Snake:1:  layout_chambers, drop_trap, uniq_roxanne, uniq_aizul, uniq_jorgrun
Snake:2:  layout_basic, uniq_frances
Snake:3:  layout_misc_corridors, basic_altar, serial_shops,
          nicolae_shop_competitors_out_of_business, serial_bayou_shore_b,
          uniq_agnes
Snake:4:  minmay_snake_end_coiled, layout_cave_town, lemuel_fruit_tree,
          uniq_vashnia
Slime:1:  layout_caves, cheibrodos_slime_lost_civilization_6
Slime:2:  layout_caves
Orc:1:    layout_caves, enter_bailey_3
Orc:2:    st_orc_mages, layout_diamond_mine, basic_altar, minmay_orc_treasury,
          uniq_rupert, uniq_nessos

Skill      XL: |  1  2  3  4  5  6  7  8  9 10 11 12 13 14 15 16 17 18 19 |
---------------+----------------------------------------------------------+-----
Axes           | 2 3 4 5 6 7 8 9 10 11 12 | 12.7
Shields        | 4 5 6 7 8 9 10 11 12 13 14 15 | 15.1
Fighting       | 4 5 6 7 8 9 10 11 12 13 14 15 | 15.1
Armour         | 4 5 6 7 8 9 10 11 12 13 14 15 | 15.0
Evocations     | 1 2 4 5 6 7 8 9 10 11 | 11.9
Bows           | 2 4 |  4.1
Slings         | 1 3 5 6 7 8 9 10 | 10.9
Invocations    | 3 5 7 8 9 10 11 12 | 12.5

Action                   |  1- 3 |  4- 6 |  7- 9 | 10-12 | 13-15 | 16-18 | 19-21 || total
-------------------------+-------+-------+-------+-------+-------+-------+-------++-------
Melee: War axe           |   146 |   224 |   234 |   505 |   946 |  1147 |   135 ||  3337
       Falchion          |       |       |       |       |   172 |       |       ||   172
       Hunting sling     |       |       |       |       |       |    10 |       ||    10
 Fire: Fustibalus        |       |       |       |     2 |     8 |       |       ||    10
       Hunting sling     |       |       |       |       |    36 |   458 |    51 ||   545
Throw: Stone             |     2 |       |       |       |       |       |       ||     2
       Dart              |       |       |       |       |       |     3 |       ||     3
Invok: Heroism           |       |       |       |       |     1 |     6 |       ||     7
       Finesse           |       |       |       |       |       |     5 |       ||     5
  Use: Scroll            |       |       |    10 |    10 |     5 |     9 |     1 ||    35
       Potion            |       |       |     1 |     3 |     7 |       |     3 ||    14
Armor: Scale mail        |    16 |       |       |       |       |       |       ||    16
       Plate armour      |    98 |   174 |   146 |   465 |   989 |   170 |       ||  2042
       Crystal plate arm |       |       |       |       |       |   684 |   109 ||   793
Dodge: Dodged            |    54 |    54 |    48 |   133 |   306 |   494 |    50 ||  1139
Block: Buckler           |    36 |    32 |       |       |       |       |       ||    68
       Tower shield      |       |    92 |   210 |   642 |   417 |       |       ||  1361
       Kite shield       |       |       |       |       |   574 |   941 |    73 ||  1588
       Reflection        |       |       |       |       |    32 |   115 |     1 ||   148

Table legend: (Time is in decaauts)
 A = Elapsed time spent in this place.
 B = Non-inter-level travel time spent in this place.
 C = Inter-level travel time spent in this place.
 D = Time resting spent in this place.
 E = Time spent auto-exploring this place.
 F = Levels seen in this place.
 G = Mean time per level.
                   A        B        C        D        E       F      G
               +--------+--------+--------+--------+--------+-----+--------+
         Total |  47505 |  45621 |   1884 |  14553 |  17259 |  36 | 1319.6 |
       Dungeon |  15900 |  15083 |    817 |   2130 |   7593 |  15 | 1060.0 |
        Temple |    223 |    202 |     21 |      0 |    198 |   1 |  223.0 |
          Lair |  10921 |  10317 |    604 |   3618 |   4058 |   6 | 1820.2 |
         Swamp |   5602 |   5418 |    184 |   2423 |   2025 |   4 | 1400.5 |
     Snake Pit |   7280 |   7107 |    173 |   2783 |   2280 |   4 | 1820.0 |
    Slime Pits |   2194 |   2194 |      0 |   1161 |    193 |   2 | 1097.0 |
  Orcish Mines |   3582 |   3499 |     83 |   1630 |    911 |   2 | 1791.0 |
        Bailey |    308 |    308 |      0 |    169 |      1 |   1 |  308.0 |
      Ice Cave |   1491 |   1491 |      0 |    639 |      0 |   1 | 1491.0 |
               +--------+--------+--------+--------+--------+-----+--------+

Top non-repeatable levels by time:
  Lair:6: 2569 daAuts
 Snake:4: 2511 daAuts
  Lair:4: 2177 daAuts
 Swamp:4: 2159 daAuts
 Slime:1: 2150 daAuts
  Lair:5: 1943 daAuts
 Snake:1: 1859 daAuts
   Orc:2: 1845 daAuts
   Orc:1: 1737 daAuts
    D:15: 1717 daAuts
 Snake:3: 1688 daAuts
    D:11: 1577 daAuts
    D:13: 1501 daAuts
   IceCv: 1491 daAuts
  Lair:1: 1483 daAuts
